 Dungeon Crawl Stone Soup version 0.19-a0-1772-g09c4438 (webtiles) character file.

86 Akrius the Sneak (level 4, -18/22 HPs)
             Began as a Felid Monk on Oct 3, 2016.
             Killed from afar by a hobgoblin (26 damage)
             ... with a wand of lightning
             ... on level 3 of the Dungeon.
             The game lasted 00:05:13 (3513 turns).

Akrius the Sneak (Felid Monk)                       Turns: 3513, Time: 00:05:14

Health: -18/22     AC:  1    Str:  7    XL:     4   Next: 27%
Magic:  5/5        EV: 21    Int: 12    God:
Gold:   102        SH:  0    Dex: 19    Spells: 0 memorised, 3 levels left
                                        Lives:  0   Deaths: 1

rFire  . . .     SeeInvis +       - Unarmed
rCold  . . .     Gourm    .     (armour unavailable)
rNeg   . . .     Faith    .     (shield unavailable)
rPois  .         Spirit   .     (helmet unavailable)
rElec  .         Dismiss  .     (cloak unavailable)
rCorr  .         Reflect  .     (gloves unavailable)
MR     .....     Harm     .     (boots unavailable)
Stlth  ++++......               (no amulet)
                                (no ring)
                                (no ring)

@: quick
A: no armour, no weapons or thrown items, claws 1, fangs 3, see invisible,
carnivore 3, speed 1, shaggy fur 1, slow metabolism 1, sharp paws
a: no special abilities


You were on level 3 of the Dungeon.
You were not hungry.

You visited 1 branch of the dungeon, and saw 3 of its levels.

You collected 102 gold pieces.

Inventory:

Scrolls
 f - a scroll of fear {unknown}
 g - 3 scrolls of magic mapping {unknown}
 h - 3 scrolls of teleportation {unknown}
 j - 4 scrolls of identify {unknown}
 k - a scroll of random uselessness {unknown}
Potions
 b - 2 potions of brilliance
 c - a potion of berserk rage {unknown}
 d - 2 potions of flight {unknown}
 e - 2 potions of curing
Comestibles
 a - 3 meat rations


   Skills:
 + Level 3.7 Fighting
 + Level 4.8 Dodging
 * Level 5.4 Stealth
 + Level 3.9 Unarmed Combat


You had 3 spell levels left.
You didn't know any spells.

Dungeon Overview and Level Annotations

Branches:
Dungeon (3/15)

Altars:
Makhleb
Zin


Innate Abilities, Weirdness & Mutations

You cannot wear armour.
You are incapable of wielding weapons or throwing items.
You have sharp claws.
You have razor-sharp teeth.
You have supernaturally acute eyesight. (SInv)
You are carnivorous and can eat meat at any time.
You cover ground quickly.
You are covered in fur. (AC +1)
You have a slow metabolism.
Your sharp claws are effective at attacking unaware monsters.


Message History

You scratch the bat.
The bat is moderately wounded.
You hear a shout!
The bat completely misses you. The bat misses you.
The orc priest looks braver for a moment.
You scratch the bat but do no damage.
The bat is moderately wounded.
The bat barely misses you.
You barely miss the bat. You bite the bat, but do no damage.
The bat is moderately wounded.
The bat hits you.
The frilled lizard hisses and fully extends its frill.
You barely miss the bat.
The bat is moderately wounded.
The bat completely misses you. The bat closely misses you.
The hobgoblin zaps a wand.
The bolt of lightning hits the bat.
The bat dies!
The bolt of lightning hits you!
Ouch! That really hurt!
You die...

#.# ## #########
#.# #.# ##.# #..##
#.#.# .... #...#
≈≈.P ### ##.#.#
≈≈≈≈ ##.###)##@#
≈.≈ ##.#....##.#
≈≈#
##.###.#.##g####.##
.#####.##
##...#lo.#†..#...
........##
##.......l.....
#####....#
#.#..r.....r..
......#..>#
#.#.....g...l.
#####...#.#
#.#.....%.....
##.##.#
##.[#.o.#...


You could see an orc priest, a quokka, a hobgoblin and a frilled lizard.

Vanquished Creatures
  An orc priest (D:3)
  Ijyb (D:3)
  4 adders
  An ooze (D:2)
  A worm (D:3)
  2 dart slugs
  3 leopard geckos
  5 orcs (D:3)
  2 ball pythons
  10 bats
  3 giant cockroaches
  5 goblins
  6 hobgoblins
  A quokka (D:3)
  7 frilled lizards
  5 kobolds
  5 rats
62 creatures vanquished.

Vanquished Creatures (others)
  A bat (D:3)
1 creature vanquished.

Grand Total: 63 creatures vanquished

Notes
Turn   | Place    | Note
-------+----------+-------------------------------------------
     0 | D:1      | Akrius the Felid Monk began the quest for the Orb.
     0 | D:1      | Reached XP level 1. HP: 10/10 MP: 2/2
    47 | D:1      | Reached skill level 3 in Stealth
   400 | D:1      | Reached XP level 2. HP: 14/14 MP: 3/3
  1338 | D:2      | Reached XP level 3. HP: 13/17 MP: 4/4
  1578 | D:2      | Found a burning altar of Makhleb.
  1581 | D:2      | Noticed a balrug
  1583 | D:2      | Found a glowing silver altar of Zin.
  1583 | D:2      | Noticed an angel
  1935 | D:2      | Reached skill level 4 in Stealth
  2533 | D:2      | Reached XP level 4. HP: 14/21 MP: 5/5
  3084 | D:3      | Noticed Ijyb
  3105 | D:3      | Killed Ijyb
  3105 | D:3      | Reached skill level 5 in Stealth
  3109 | D:3      | Reached XP level 5. HP: 13/24 MP: 6/6
  3357 | D:3      | Killed from afar by an orc priest
  3358 | D:3      | Reached XP level 4. HP: -3/21 MP: 5/5
  3513 | D:3      | Killed from afar by a hobgoblin

Vault maps used:
D:1:      elethiomel_arrival_shortcut, minmay_curled_crystal, minmay_tripent
D:2:      grunt_temple_overflow_order_and_chaos_2
D:3:      wad_lake_hut, serial_park_tiny_1, hangedman_decor_clover_reticule,
          uniq_sigmund, uniq_iyjb

Skill      XL: |  1  2  3  4 |
---------------+-------------+-----
Stealth        | 3 4 5 |  5.4
Fighting       | |  3.7
Dodging        | |  4.8
Unarmed Combat | |  3.9

Action                   |  1- 3 |  4- 6 || total
-------------------------+-------+-------++-------
Melee: Unarmed           |   126 |    75 ||   201
       Bite              |    10 |     3 ||    13
       Punch             |     2 |     2 ||     4
  Use: Potion            |       |     6 ||     6
 Stab: Sleeping          |    11 |     1 ||    12
  Eat: Chunk             |     5 |     7 ||    12
Armor: Skin              |     5 |     4 ||     9
Dodge: Dodged            |   106 |    78 ||   184
